 Dungeon Crawl Stone Soup version 0.26-a0-739-gf55cbd344a (webtiles) character file.

Game seed: 17756796153343558097

38 jiml777 the Gusty (level 3, -4/19 HPs)
             Began as a Deep Elf Air Elementalist on Nov 5, 2020.
             Splashed by a jelly's acid (8 damage)
             ... on level 1 of the Dungeon.
             The game lasted 00:07:41 (1149 turns).

jiml777 the Gusty (Deep Elf Air Elementalist)       Turns: 1149, Time: 00:07:42

Health: -4/19      AC:  3    Str:  5    XL:     3   Next: 25%
Magic:  8/9        EV: 13    Int: 20    God:
Gold:   54         SH:  0    Dex: 15    Spells: 7/8 levels left

rFire    . . .     SeeInvis .   c - +0 short sword
rCold    . . .     Faith    .   (no shield)
rNeg     . . .     Spirit   .   a - +0 robe
rPois    .         Reflect  .   (no helmet)
rElec    .         Harm     .   d - +0 cloak
rCorr    .         Rampage  .   (no gloves)
MR       .....                  (no boots)
Stlth    ++........             (no amulet)
HPRegen  0.06/turn              i - +4 ring of slaying
MPRegen  0.11/turn              (no ring)

@: very slightly contaminated
A: no striking features
a: no special abilities


You were on level 1 of the Dungeon.
You visited 1 branch of the dungeon, and saw 2 of its levels.

You collected 54 gold pieces.

Inventory:

Hand Weapons
 c - a +0 short sword (weapon)
Armour
 a - a +0 robe (worn)
 d - a +0 cloak (worn)
Jewellery
 i - a +4 ring of slaying (left hand)
Scrolls
 b - a scroll of amnesia {unknown}
 e - 2 scrolls of identify {unknown}
 f - 2 scrolls of enchant armour {unknown}
 g - a scroll of random uselessness {unknown}


   Skills:
 + Level 2.5 Dodging
 + Level 2.7 Stealth
 + Level 3.4 Spellcasting
 + Level 1.6 Conjurations
 + Level 3.8 Air Magic


You had 7 spell levels left.
You knew the following spells:

 Your Spells              Type           Power        Failure   Level
a - Shock                 Conj/Air       ##..         4%          1

Your spell library contained the following spells:

 Spells                   Type           Power        Failure   Level
 Swiftness                Air            ###.....     4%          2
 Static Discharge         Conj/Air       ##......     13%         3
 Airstrike                Air            ###.......   28%         4
 Lightning Bolt           Conj/Air       ##........   77%         5


Dungeon Overview and Level Annotations

Branches:
Dungeon (2/15)

Altars:


Message History

The hobgoblin misses you. The jelly hits you.
You are splashed with acid!
Ouch! That really hurt!
The kobold closely misses you.
The ooze moves out of view.
There is a stone staircase leading up here.
The hobgoblin hits you with a +0 club. The jelly hits you but does no damage.
The kobold hits you but does no damage.
You climb upwards.
There is a stone staircase leading down here.
The hobgoblin misses you.
You see here an adder corpse.
Casting: Shock (safe; 4% risk of failure)
Confirm with . or Enter, or press ? or * to list all spells.
Aiming: Shock (safe; 4% risk of failure)
Press: ? - help, Shift-Dir - straight line You miscast Shock.
You are very lightly contaminated with residual magic.
Nothing appears to happen.
The jelly hits you.
* * * LOW HITPOINT WARNING * * *
You are splashed with acid!
You die...

.......'.....>.##.#.......#.####
.......'.####..##.#.#######.#
'#.#'#8#.# #.....#.# #.#
.#8#.###.#####..###.# #.#
########.#......###.#######.#
#.#.####..##.#.†.....# #.#.#
#K>...#.####### #.#.# #J#####.#
#.#.# #.@.....# #.#.############
#.#.......# #.#######.# #.#
#...#.# #.###..†..# #.......###
#########


You could see a jelly and a kobold.

Vanquished Creatures
  An adder (D:1)
  An ooze (D:1)
  A dart slug (D:1)
  3 leopard geckos (D:1)
  A ball python (D:1)
  A bat (D:1)
  2 giant cockroaches (D:1)
  2 goblins (D:1)
  A hobgoblin (D:1)
  3 kobolds (D:1)
  A frilled lizard (D:1)
  3 rats (D:1)
20 creatures vanquished.

Notes
Turn   | Place    | Note
-------+----------+-------------------------------------------
     0 | D:1      | jiml777 the Deep Elf Air Elementalist began the quest for
                  | the Orb.
     0 | D:1      | Reached XP level 1. HP: 10/10 MP: 6/6
   323 | D:1      | Reached XP level 2. HP: 13/15 MP: 5/8
   930 | D:1      | Reached XP level 3. HP: 19/19 MP: 7/9
  1149 | D:1      | Splashed by a jelly's acid

Illustrated notes

Levels and vault maps discovered:
D:1:      wander_arrival_abandoned_jail, layout_basic, grunt_decor_fettered
D:2:      layout_basic, minmay_fractal_squares_gapless_5

Action                   || total
-------------------------++-------
 Cast: Shock             ||    37
  Use: Potion            ||     1
Armor: Robe              ||     3
Dodge: Dodged            ||     9

Table legend: (Time is in decaauts)
 A = Elapsed time spent in this place.
 B = Non-inter-level travel time spent in this place.
 C = Inter-level travel time spent in this place.
 D = Time resting spent in this place.
 E = Time spent auto-exploring this place.
 F = Levels seen in this place.
 G = Mean time per level.
                   A        B        C        D        E       F      G
               +--------+--------+--------+--------+--------+-----+--------+
         Total |   1149 |   1114 |     35 |    420 |    360 |   2 |  574.5 |
       Dungeon |   1149 |   1114 |     35 |    420 |    360 |   2 |  574.5 |
               +--------+--------+--------+--------+--------+-----+--------+

Top non-repeatable levels by time:
     D:1: 1143 daAuts
     D:2: 6 daAuts
